cohdb
Replays
Latest Replays
All Replays
Popular Replays
Top Player Replays
Match Explorer
How It Works
Community
CoH3 Stats
Reddit
Sign in to upload your games and track your stats! →
Sign in with Steam
Match 45539775
Unlisted
Match 45539775
Overview
Messages
Build Orders
End
Kradschützen Motorcycle Team
Selects Panzerjäger Kommand Battlegroup
Selects Blockade Equipment
Panzergrenadier Squad
Panzergrenadier Squad
Construct Light Support Kompanie
2.5-tonne Medical Truck
Selects Tank Busters
Panzerjäger Squad
Fire Support Elements
Panzerjäger Squad
Veteran Squad Leaders
Forward Retreat Point
Selects Defensive Positions
Construct Panzerarmee Kommand
Armored Reserves
Selects Crew Shock Tactics
Vehicle Survival Package
con_007
A Sassy Badger
Urge to Merge
Walther
Cpt. Colter Stevens
Einherjer
0
0
Comments
sign in to comment!
No comments posted yet!